 Dungeon Crawl Stone Soup version 0.31-a0-188-g5e087ee2ca (webtiles) character file.

Game seed: 6808377087390880175

24 qw the Shooter (level 2, -1/16 HPs)
             Began as a Deep Elf Hunter on June 23, 2023.
             Succumbed to their own poison gas
             ... on level 1 of the Dungeon.
             The game lasted 00:00:18 (685 turns).

qw the Shooter (Deep Elf Hunter)                     Turns: 685, Time: 00:00:19

Health: -1/16      AC:  7    Str:  8    XL:     2   Next: 79%
Magic:  4/4        EV:  8    Int: 13    God:
Gold:   45         SH:  0    Dex: 18    Spells: 1/1 levels left

rFire   . . .        Y - +1 shortbow
rCold   . . .        (shield currently unavailable)
rNeg    . . .        k - +0 scale mail
rPois   .            j - +0 helmet
rElec   .            (no cloak)
rCorr   .            (no gloves)
SInv    .            (no boots)
Will    .....        (no amulet)
Stlth   +            (no ring)
HPRegen 0.22/turn    (no ring)
MPRegen 0.09/turn

%: no passive effects
@: lethally poisoned (-1 -> -22)
A: no striking features
a: no special abilities


You were on level 1 of the Dungeon.
You visited 1 branch of the dungeon, and saw 1 of its levels.

You collected 45 gold pieces.


   Skills:
 - Level 1.5 Fighting
 + Level 6.5 Ranged Weapons
 - Level 2.4 Dodging
 - Level 1.2 Stealth


You had one spell level left.
You didn't know any spells.
Your spell library was empty.

Inventory:

Hand Weapons
 Y - a +1 shortbow (weapon)
Armour
 j - a +0 helmet (worn)
 k - a +0 scale mail (worn)
Scrolls
 a - a scroll of teleportation
Potions
 f - a potion of resistance {unknown}

Dungeon Overview and Level Annotations

Branches:
Dungeon (1/15)

Altars:


Message History

653 ||| READING scroll labelled QOPLEJ WIFO.
As you read the scroll labelled QOPLEJ WIFO, it crumbles to dust.
Your body is wracked with pain!
It was a scroll of torment.
You start resting.
HP restored.
Done exploring.
681 ||| READING scroll labelled ZEONITHR MOTADGH.
The air fills with toxic fumes!
As you read the scroll labelled ZEONITHR MOTADGH, it crumbles to dust.
It was a scroll of poison.
Done exploring.
682 ||| READING scroll labelled FOTIADD DIOPT.
As you read the scroll labelled FOTIADD DIOPT, it crumbles to dust.
It is a scroll of identify.
Really abort (and waste the scroll)?
Done exploring.
683 ||| DROPPING scroll of butterflies.
You drop a scroll of butterflies.
Done exploring.
(D) Dungeon
Where to? (* - list waypoints, ? - help)
What level of the Dungeon? (default 1, ? - help) Sorry, I don't know how to get there.
Enter note:
Enter note:
Enter note:
Enter note:
Enter note:
Enter note:
Enter note:
Enter note:
Enter note:
Enter note:
Enter note:
Enter note: Really walk into that cloud of poison gas?
You are engulfed in poison gas.
You are lethally poisoned!
You feel very sick.
685 ||| Stepping ~*~*~tactically~*~*~ (cloud).
You die...

######## # #¤¤¤¤¤@# #
#¤¤¤¤¤¤# ## #¤¤¤¤¤¤# .#
#¤¤¤¤¤¤#
.##########¤¤¤¤¤¤#
.........##¤¤¤¤¤¤######
.........¤¤¤¤¤¤¤¤¤(..>#
.).#####.##¤¤¤¤¤¤####.#
##...# #.##......##..[#


There were no monsters in sight!

Vanquished Creatures
  A dart slug (D:1)
  2 ball pythons (D:1)
  3 endoplasms (D:1)
  4 jackals (D:1)
  A quokka (D:1)
  3 bats (D:1)
  2 frilled lizards (D:1)
  2 goblins (D:1)
  4 rats (D:1)
22 creatures vanquished.

Notes
Turn   | Place    | Note
-------+----------+-------------------------------------------
     0 | D:1      | qw the Deep Elf Hunter began the quest for the Orb.
     0 | D:1      | Reached XP level 1. HP: 12/12 MP: 3/3
     0 | D:1      | 0 ||| qw: Version: 0.3-a-9-g12657ce
     0 | D:1      | 0 ||| qw: Game counter: 3820
     0 | D:1      | 0 ||| qw: Always use a shield: true
     0 | D:1      | 0 ||| qw: God list: Okawaru
     0 | D:1      | 0 ||| qw: Allow faded altars: false
     0 | D:1      | 0 ||| qw: Do Orc after D:15 true
     0 | D:1      | 0 ||| qw: Do second Lair branch before Depths: true
     0 | D:1      | 0 ||| qw: Lair rune preference: random
     0 | D:1      | 0 ||| qw: Plans: Normal
     0 | D:1      | 0 ||| PLANNING D:1-11
    55 | D:1      | Found a faded altar of an unknown god.
   163 | D:1      | Reached XP level 2. HP: 16/16 MP: 4/4
   184 | D:1      | Reached skill level 6 in Ranged Weapons
   631 | D:1      | 631 ||| UPGRADING to +0 helmet.
   636 | D:1      | 636 ||| UPGRADING to +0 scale mail.
   646 | D:1      | 646 ||| DROPPING +0 leather armour.
   647 | D:1      | 647 ||| READING 2 scrolls labelled QEYNKI BORPHESA.
   650 | D:1      | 650 ||| READING scroll labelled JUSHRA RUEMP.
   651 | D:1      | 651 ||| READING scroll labelled IRAW EMUYMEOPT.
   652 | D:1      | 652 ||| READING scroll labelled YSHUIK SAIJU.
   653 | D:1      | 653 ||| READING scroll labelled QOPLEJ WIFO.
   681 | D:1      | 681 ||| READING scroll labelled ZEONITHR MOTADGH.
   682 | D:1      | 682 ||| READING scroll labelled FOTIADD DIOPT.
   683 | D:1      | 683 ||| DROPPING scroll of butterflies.
   684 | D:1      | HP: 3/16 [poisoned by you (poison gas)]
   685 | D:1      | 685 ||| Stepping ~*~*~tactically~*~*~ (cloud).
   685 | D:1      | Succumbed to their own poison gas

Levels and vault maps discovered:
D:1:      heliophobic_arrival_ceremonial_halls, layout_basic, serial_glass,
          glass_columns_a, glass_columns_a,
          chequers_ecumenical_altar_simple_redux

Skill      XL: |  1  2 |
---------------+-------+-----
Ranged Weapons | 6 |  6.5
Fighting       | |  1.5
Dodging        | |  2.4
Stealth        | |  1.2

Action                     || total
---------------------------++-------
   Fire: Shortbow          ||    58
    Use: Scroll            ||     7
 Armour: Leather armour    ||    10
  Dodge: Dodged            ||    18

Table legend:
 A = Non-vault XP
 B = Vault XP
 C = Vault XP percentage of total XP
 D = Non-vault monster count
 E = Vault monster count
 F = Vault count percentage of total count
                 A         B        C        D         E       F
            +---------+---------+-------+---------+---------+-------
      Total |      35 |       0 |   0.0 |      22 |       0 |   0.0
            +---------+---------+-------+---------+---------+-------
        D:1 |      35 |       0 |   0.0 |      22 |       0 |   0.0
            +---------+---------+-------+---------+---------+-------
